 Dungeon Crawl Stone Soup version 0.17-a0-1522-g6c5b4ba (webtiles) character file.

63 urechis the Sneak (level 4, -1/23 HPs)
             Began as a Vine Stalker Monk on July 14, 2015.
             Slain by an orc
             ... wielding a +0 trident
              (6 damage)
             ... on level 3 of the Dungeon.
             The game lasted 00:03:23 (1731 turns).

urechis the Sneak (Vine Stalker Monk)               Turns: 1731, Time: 00:03:23

Health: -1/23      AC:  4    Str: 14    XL:     4   Next: 9%
Magic:  0/5        EV: 12    Int: 10    God:
Gold:   90         SH:  0    Dex: 17    Spells: 0 memorised, 3 levels left

rFire  . . .     SeeInvis .       - Unarmed
rCold  + . .     Clarity  .     i - +0 leather armour
rNeg   . . .     SustAt   .     (no shield)
rPois  .         Gourm    .     (no helmet)
rElec  .         Spirit   +     (no cloak)
rCorr  .         Warding  .     (no gloves)
rMut   .         Stasis   .     h - +0 pair of boots
MR     .....                    (no amulet)
Stlth  +++.......               (no ring)
                                g - ring of protection from cold

@: not resistant to hostile enchantments, fairly stealthy
A: fangs 2, regeneration 1, magic shield, antimagic bite, no device heal 3, rot
immunity
a: no special abilities


You were on level 3 of the Dungeon.
You were very hungry.

You visited 1 branch of the dungeon, and saw 3 of its levels.

You collected 90 gold pieces.

Inventory:

Missiles
 d - 26 poisoned needles
Armour
 h - a +0 pair of boots (worn)
 i - a +0 leather armour (worn)
Jewellery
 g - a ring of protection from cold (left hand)
Scrolls
 l - a scroll of teleportation {unknown}
 m - a scroll of immolation {unknown}
 n - a scroll of magic mapping {unknown}
 o - 2 scrolls of enchant armour {unknown}
 q - a scroll of identify {unknown}
Potions
 a - 2 potions of might {unknown}
 c - 2 potions of curing {unknown}
 e - a potion of agility {unknown}
 f - a potion of brilliance {unknown}
 j - a potion of poison {unknown}
 k - 3 potions of mutation {unknown}
 r - 2 potions of resistance {unknown}
Comestibles
 b - 2 bread rations


   Skills:
 - Level 2.6 Fighting
 - Level 2.4 Dodging
 + Level 5.5 Stealth
 - Level 4.0 Unarmed Combat


You had 3 spell levels left.
You didn't know any spells.

Dungeon Overview and Level Annotations

Branches:
Dungeon (3/15)

Altars:
Fedhas
Makhleb
Okawaru
Xom

Annotations:
D:3 Grinder, Terence


Innate Abilities, Weirdness & Mutations

You have extremely sharp teeth.
Your natural rate of healing is unusually fast.
When hurt, damage is shared between your health and your magic reserves.
Your bite disrupts and absorbs the magic of your enemies.
Potions and wands cannot restore your health.
You are immune to rotting.


Message History

The orc wizard falters for a moment.
You hit the orc wizard.
You bite the orc wizard, but do no damage.
The orc wizard is almost dead.
The orc wizard hits you with a dagger of speed.
* * * LOW HITPOINT WARNING * * *
The orc wizard completely misses you.
You barely miss the orc wizard. Your bite misses the orc wizard.
The orc wizard is almost dead.
The orc wizard falters for a moment.
You hit the orc wizard.
You kill the orc wizard!
Your Stealth skill increases to level 5!
You have reached level 4!
You feel stronger.
Things that are here:
a dagger of speed; a robe; a meat ration You hit the orc but do no damage.
Your bite misses the orc. The orc hits you with a trident!
You die...

#.#...
#?.#.# ##
#..#.# ...
#..#.#....
#.#...#...
#.<.......
#oo..##...
#o#### .
#@# #.#
#.# #.#
#.# #.#
#.# #..
###


You could see 3 orcs.

Vanquished Creatures
  An orc wizard (D:3)
  An adder (D:2)
  2 worms (D:2)
  2 giant geckos
  3 bats
  3 goblins
  2 hobgoblins (D:1)
  3 kobolds
  A giant cockroach (D:2)
  A giant newt (D:1)
  A rat (D:1)
20 creatures vanquished.

Notes
Turn   | Place    | Note
--------------------------------------------------------------
     0 | D:1      | urechis the Vine Stalker Monk began the quest for the Orb.
     0 | D:1      | Reached XP level 1. HP: 11/11 MP: 2/2
   354 | D:1      | Reached XP level 2. HP: 8/16 MP: 3/3
   856 | D:2      | Found a blossoming altar of Fedhas.
   857 | D:2      | Found an iron altar of Okawaru.
   958 | D:2      | Reached XP level 3. HP: 13/19 MP: 4/4
  1290 | D:2      | Found a burning altar of Makhleb.
  1293 | D:2      | Found a shimmering altar of Xom.
  1601 | D:3      | Noticed Terence
  1607 | D:3      | Noticed Grinder
  1728 | D:3      | Reached skill level 5 in Stealth
  1728 | D:3      | Reached XP level 4. HP: 4/23 MP: 3/5
  1731 | D:3      | Slain by an orc

Vault maps used:
D:1:      lemuel_arrival_funnel, kennysheep_decorative_pillar
D:2:      minitemple, grunt_temple_overflow_open, first_bread
D:3:      lemuel_blue_sif_altar, minmay_overflow_temple_star_quad,
          minmay_close_crescents, uniq_grinder, uniq_terence

Action                   |  1- 3 |  4- 6 || total
-------------------------+-------+-------++-------
Melee: Unarmed           |    73 |     1 ||    74
 Stab: Sleeping          |     6 |       ||     6
  Eat: Chunk             |     1 |       ||     1
